 Dungeon Sprint DCSS version 0.30-a0-121-gb27577e5d9 (webtiles) character file.

Game seed: 2537240489136327752

109648 rocky1 the Minotaur Blade (level 15, -1/155 HPs)
             Began as a Minotaur Monk on Sept 13, 2022.
             Was an Initiate of Gozag.
             Slain by Mennas
             ... wielding a +4 sacred scourge of holy wrath
              (8 damage)
             ... in the Dungeon (Sprint III: "The Ten Rune Challenge") on Sept 14, 2022.
             The game lasted 01:03:43 (11072 turns).

rocky1 the Minotaur Blade (Minotaur Monk)          Turns: 11072, Time: 01:03:45

Health: -1/155     AC: 20    Str: 15    XL:     15   Next: 27%
Magic:  32/32      EV: 23    Int: 12    God:    Gozag
Gold:   4297       SH:  0    Dex: 20    Spells: 36/42 levels left

rFire   + + .      SeeInvis +    a - +4 triple sword of Starshine {vamp, Dex+4}
rCold   + . .      Faith    .    (shield currently unavailable)
rNeg    + . .      Spirit   .    e - +2 ring mail {rC+}
rPois   +          Reflect  .    y - +2 hat {Int+3}
rElec   +          Harm     .    q - +0 cloak
rCorr   .          Rampage  .    C - +0 pair of gloves
Will    +....      NoTele   +    X - +2 pair of boots {Stlth+}
Stlth   ++........               V - amulet of Vitality {RegenMP++ Regen++}
HPRegen 1.95/turn                W - ring "Atop" {rElec rN+}
MPRegen 1.03/turn                U - ring of the Moon {Wiz rPois rF++ Str-3 SInv}

@: mighty, hasted, glowing, silenced, very quick
A: horns 2, retaliatory headbutt, hooves 1, screaming 1
}: 2/10 runes: serpentine, barnacled
a: Renounce Religion


You were in the Dungeon.
You worshipped Gozag.
Gozag was most pleased with you.
You visited 1 branch You collected 23494 gold pieces.
You spent 10898 gold pieces at shops.
You paid 8299 gold pieces to Gozag.

Inventory:

Hand Weapons
 a - the +4 triple sword of Starshine (weapon) {vamp, Dex+4}
   (You bought it in a shop in the Dungeon)

   It occasionally heals its wielder for a portion of the damage dealt when it
   wounds a living foe.
   Dex:       It affects your dexterity (+4).
 b - the +8 longbow "Qostyeq" {vorpal, rF+ Str+3 Int+4}
   (You bought it in a shop in the Dungeon)

   Any ammunition fired from it inflicts extra damage upon your enemies.
   Str:       It affects your strength (+3).
   Int:       It affects your intelligence (+4).
   rF:        It protects you from fire.
 E - the +6 triple sword of Imetadoh {holy, Str+6}
   (You found it in the Dungeon)

   It has been blessed by the Shining One to cause great damage to the undead
   and demons.
   Str:       It affects your strength (+6).
 I - the +7 Singing Sword {vorpal, sonic wave}
   (You acquired it in the Dungeon)

   It inflicts extra damage upon your enemies.
   It radiates damaging sonic waves as it strikes, especially in combat
   involving dangerous or numerous foes.
Missiles
 v - 5 curare-tipped darts (quivered)
 x - 6 javelins
 L - a silver javelin
Armour
 e - a +2 ring mail of cold resistance (worn)
 h - the +3 pair of boots "Monunekh" {Rampage rF+ Regen+ Int-4}
   (You bought it in a shop in the Dungeon)

   Int:       It affects your intelligence (-4).
   rF:        It protects you from fire.
   Regen:     It increases your rate of health regeneration.
   Rampage:   It bestows one free step when moving towards enemies.
 q - a +0 cloak (worn)
 w - a +2 kite shield of reflection
 y - a +2 hat of intelligence (worn)
 C - a +0 pair of gloves (worn)
 T - the +1 pair of boots "Vaculi" {Slay+2}
   (You acquired it in the Dungeon)

   Slay:      It affects your accuracy & damage with ranged weapons and melee
   (+2).
 X - a +2 pair of boots of stealth (worn)
Jewellery
 t - the ring "Mezaorhi" {*Corrode rPois rN+ Int+4 Dex+2}
   (You bought it in a shop in the Dungeon)

   [ring of positive energy]

   Int:       It affects your intelligence (+4).
   Dex:       It affects your dexterity (+2).
   rPois:     It protects you from poison.
   rN:        It protects you from negative energy.
   *Corrode:  It may corrode you when you take damage.
 u - a ring of wizardry
 U - the ring of the Moon (right hand) {Wiz rPois rF++ Str-3 SInv}
   (You bought it in a shop in the Dungeon)

   [ring of wizardry]

   It improves your spell success rate.
   Str:       It affects your strength (-3).
   rF:        It greatly protects you from fire.
   rPois:     It protects you from poison.
   SInv:      It lets you see invisible.
 V - the amulet of Vitality (around neck) {RegenMP++ Regen++}
   (You bought it in a shop in the Dungeon)

   [amulet of magic regeneration]

   It increases your rate of magic regeneration.
   Regen:     It increases your rate of health regeneration.
 W - the ring "Atop" (left hand) {rElec rN+}
   (You bought it in a shop in the Dungeon)

   [ring of positive energy]

   rElec:     It insulates you from electricity.
   rN:        It protects you from negative energy.
Wands
 p - a wand of light (38)
Scrolls
 i - a scroll of silence {unknown}
 k - 4 scrolls of immolation
 l - 6 scrolls of identify
 n - 2 scrolls of torment
 A - 3 scrolls of amnesia
 G - a scroll of magic mapping
 H - 4 scrolls of blinking
 M - 3 scrolls of fear
 O - 3 scrolls of enchant weapon
 P - a scroll of brand weapon
 S - a scroll of enchant armour
Potions
 c - a potion of ambrosia
 d - 18 potions of curing
 f - 4 potions of haste
 g - 2 potions of magic
 j - a potion of mutation
 m - 2 potions of flight
 r - a potion of brilliance
 z - 3 potions of attraction
 B - 3 potions of invisibility
 D - 3 potions of lignification
 F - a potion of heal wounds
 Q - 3 potions of cancellation
 R - 2 potions of resistance
Miscellaneous
 o - a phantom mirror


   Skills:
 + Level 19.7 Fighting
 - Level 22.0 Long Blades
 + Level 17.9 Ranged Weapons
 + Level 17.8 Armour
 + Level 18.1 Dodging
 - Level 4.7 Stealth
 - Level 10.8 Shields
 - Level 14.1 Spellcasting
 - Level 15.2 Translocations


You had 36 spell levels left.
You knew the following spells:

 Your Spells              Type           Power      Damage    Failure   Level
a - Blink                 Tloc           90%        N/A       1%          2
b - Manifold Assault      Tloc           45%        N/A       1%          4

Your spell library contained the following spells:

 Spells                   Type           Power      Damage    Failure   Level
 Lesser Beckoning         Tloc           45%        N/A       1%          3
 Ensorcelled Hibernation  Hex/Ice        16%        N/A       8%          2
 Passwall                 Tmut/Erth      6%         N/A       8%          2
 Wereblood                Tmut           8%         N/A       8%          2
 Swiftness                Air            8%         N/A       14%         3
 Leda's Liquefaction      Hex/Erth       4%         N/A       41%         4
 Lee's Rapid Deconstruct  Erth           4%         3d6*      75%         5
 Statue Form              Tmut/Erth      5%         N/A       99%         6


Dungeon Overview and Level Annotations

Branches:
Dungeon (1/1)

Altars:
Cheibriados
Dithmenos
Elyvilon
Fedhas
Gozag
Hepliaklqana
Kikubaaqudgha
Makhleb
Nemelex Xobeh
Okawaru
Qazlal
Ru
Sif Muna
Trog
Uskayaw
Vehumet
Wu Jian
Xom
Yredelemnul
Zin
The Shining One
Jiyva
Lugonu

Shops:
D =(![!(:[[=?:(!![!=?!((![((=:?

Annotations:
D exclusion: statue, Chuck, Mennas


Innate Abilities, Weirdness & Mutations

You have a pair of horns on your head.
You reflexively headbutt those who attack you in melee.
You have large cloven feet.
You occasionally shout uncontrollably at your foes.


Message History

You are confused.
Mennas blocks your attack.
You headbutt Mennas.
Mennas is heavily wounded.
You bump into the metal wall.
Mennas hits you with a +4 sacred scourge of holy wrath! x2
* * * LOW HITPOINT WARNING * * *
Mennas blocks your attack.
Your headbutt misses Mennas.
Mennas is heavily wounded.
Mennas gestures frantically.
Mennas's surroundings become eerily quiet.
You barely miss Mennas. Your headbutt misses Mennas.
Mennas is heavily wounded.
Mennas hits you with a +4 sacred scourge of holy wrath!
* * * LOW HITPOINT WARNING * * *
Mennas hits you but does no damage.
Unknown command.
You feel much better. Mennas barely misses you.
Mennas hits you with a +4 sacred scourge of holy wrath!
* * * LOW HITPOINT WARNING * * *
Unknown command.
Mennas blocks your attack.
Mennas is heavily wounded.
Mennas hits you with a +4 sacred scourge of holy wrath!!
* * * LOW HITPOINT WARNING * * *
Mennas hits you with a +4 sacred scourge of holy wrath.
* * * LOW HITPOINT WARNING * * *
You feel much better.
Mennas hits you with a +4 sacred scourge of holy wrath!!
* * * LOW HITPOINT WARNING * * *
Mennas hits you but does no damage.
Unknown command.
You feel better.
Unknown command.
Mennas blocks your attack.
Mennas is heavily wounded.
Mennas hits you with a +4 sacred scourge of holy wrath!!
* * * LOW HITPOINT WARNING * * *
Mennas hits you with a +4 sacred scourge of holy wrath!
You die...
Your body crumbles into a pile of gold.

**,+,,*,,,,,,,**,~,,,,~,#...###..
**,*,,+,,****+*#~..(...~#...##...
**,****,,*,,,,*#........#[###....
**,*,$**+*,,,,*#...(....+...'....
**,*,$*,,*,,,,**........#'###....
**,+,,*,,*,,,,**~......~#~~~##...
*******++*******,~....~8#'#'###..
***,*,*,,*,*,**####''####.#.# ##+
**,,,,,,,,,,,,*#@A'.....#'#####.≈
*******+*******########.#..'∩∩#.≈
,,,,,,,,,,,,,,,#...# ##.####∩∩#.≈
,,,,,,,,,,,,,,,#...###...###..#..
,,,,,,,,,,,,,,,+...'.......'..'..
,,,,,,,,,,,,,,,#...###...###..#≈≈
,,,,,,,,,,,,,,,#...# ##.##∩#..#))
********+******########.#..#..###
**,,,*,,,,*,,,*#......#'#'##..#.#


You could see Mennas (silencing) and a pristine statue.

Vanquished Creatures
  Mara (D)
  Boris (D)
  Nikola (D)
  Rupert (D)
  A deep elf blademaster (D)
  Frances (D)
  An Executioner (D)
  Polyphemus (D)
  An ancient champion (D)
  Gastronok (D)
  A storm dragon (D)
  Roxanne (D)
  4 azure jellies (D)
  Donald (D)
  A nagaraja (D)
  Ilsuiw (D)
  2 draconian knights (D)
  2 vampire knights (D)
  Nessos (D)
  A yellow draconian (D)
  Azrael (D)
  2 dire elephants (D)
  A mummy priest (D)
  A merfolk javelineer (D)
  A fire dragon (D)
  5 yaktaur captains (D)
  2 hell beasts (D)
  2 hydras (D)
  Erolcha (D)
  A centaur warrior (D)
  4 dancing weapons (D)
  4 death yaks (D)
  2 anacondas (D)
  A naga warrior (D)
  4 orc high priests (D)
  Urug (D)
  2 sun demons (D)
  2 soul eaters (D)
  A shadow wraith (D)
  A death drake (D)
  4 skeletal warriors (D)
  A glowing orange brain (D)
  A sea snake (D)
  A golden dragon zombie (D)
  A spriggan druid (D)
  A lindwurm (D)
  An obsidian statue (D)
  2 spectral iron dragons (D)
  4 orc knights (D)
  A swamp dragon (shapeshifter) (D)
  A deep elf pyromancer (D)
  2 oklob plants (D)
  4 crystal guardians (D)
  3 ugly things (D)
  A shining eye (D)
  2 elephants (D)
  A stone giant skeleton (D)
  7 black mambas (D)
  A guardian serpent (D)
  A molten gargoyle (D)
  2 cane toads (D)
  A rime drake (D)
  An anaconda simulacrum (D)
  A komodo dragon (D)
  2 ice devils (D)
  3 yaktaurs (D)
  3 wandering mushrooms (D)
  2 tyrant leeches (D)
  A queen bee (D)
  4 spriggan defenders (D)
  4 statues (D)
  3 hornets (D)
  3 dream sheep (D)
  8 blink frogs (D)
  6 slime creatures (D)
  2 spriggans (D)
  A shadow (D)
  A golden eye (D)
  5 redbacks (D)
  2 iron troll simulacra (D)
  2 nagas (D)
  A spatial vortex (D)
  3 water moccasins (D)
  A floating eye (shapeshifter) (D)
  A hydra simulacrum (D)
  A swamp drake (D)
  2 floating eyes (D)
  6 orc warriors (D)
  A fire dragon simulacrum (D)
  2 black mamba simulacra (D)
  5 two-headed ogres (D)
  A scorpion (D)
  A necrophage (D)
  A water elemental (D)
  32 killer bees (D)
  4 electric eels (D)
  A jelly (D)
  2 orc priests (D)
  Jessica (D)
  An orc wizard (D)
  A wizard (D)
  A necromancer (D)
  A wolf simulacrum (D)
  3 humans (D)
  A kobold demonologist (D)
  8 adders (D)
  8 orcs (D)
  An endoplasm (D)
  2 rats (D)
  7 bushes (D)
  A plant (D)
262 creatures vanquished.

Vanquished Creatures (others)
  An electric eel (D)
  5 ball lightnings (D)
  3 ballistomycete spores (D)
  A bush (D)
  30 plants (D)
40 creatures vanquished.

Grand Total: 302 creatures vanquished

Notes
Turn   | Place    | Note
-------+----------+-------------------------------------------
     0 | D        | rocky1 the Minotaur Monk began the quest for the Orb.
     0 | D        | Reached XP level 1. HP: 19/19 MP: 0/0
     9 | D        | Reached skill level 4 in Long Blades
    14 | D        | Noticed Jessica
    18 | D        | Killed Jessica
    19 | D        | Reached skill level 5 in Fighting
    19 | D        | Reached skill level 5 in Long Blades
    19 | D        | Reached XP level 2. HP: 26/29 MP: 1/1
    20 | D        | Reached XP level 3. HP: 32/36 MP: 2/2
    46 | D        | Noticed a scorpion
    52 | D        | Killed a scorpion
    53 | D        | Reached skill level 6 in Long Blades
    53 | D        | Reached XP level 4. HP: 27/45 MP: 3/3
   285 | D        | Gained mutation: You occasionally lose the ability to drink
                  | potions when taking damage. [potion of mutation]
   285 | D        | Gained mutation: You are partially covered in iridescent
                  | scales. (AC +2) [potion of mutation]
   285 | D        | Gained mutation: You are frail. (-10% HP) [potion of
                  | mutation]
   285 | D        | Gained mutation: You are strong-willed. (Will+) [potion of
                  | mutation]
   286 | D        | Lost mutation: You are strong-willed. (Will+) [potion of
                  | mutation]
   286 | D        | Lost mutation: You are frail. (-10% HP) [potion of
                  | mutation]
   286 | D        | Lost mutation: You are partially covered in iridescent
                  | scales. (AC +2) [potion of mutation]
   286 | D        | Gained mutation: Your system is resistant to poisons.
                  | (rPois) [potion of mutation]
   286 | D        | Gained mutation: You have large cloven feet. [potion of
                  | mutation]
   286 | D        | Gained mutation: You have an increased reservoir of magic.
                  | (+10% MP) [potion of mutation]
   287 | D        | Lost mutation: You have large cloven feet. [potion of
                  | mutation]
   287 | D        | Lost mutation: You have an increased reservoir of magic.
                  | (+10% MP) [potion of mutation]
   287 | D        | Lost mutation: Your system is resistant to poisons. (rPois)
                  | [potion of mutation]
   287 | D        | Gained mutation: You expend magic power (3 MP) to
                  | strengthen your wands. [potion of mutation]
   287 | D        | Gained mutation: You are partially covered in large bone
                  | plates. (SH +4) [potion of mutation]
   288 | D        | Lost mutation: You occasionally lose the ability to drink
                  | potions when taking damage. [potion of mutation]
   288 | D        | Lost mutation: You are partially covered in large bone
                  | plates. (SH +4) [potion of mutation]
   288 | D        | Lost mutation: You expend magic power (3 MP) to strengthen
                  | your wands. [potion of mutation]
   288 | D        | Gained mutation: You occasionally lose the ability to read
                  | scrolls when taking damage. [potion of mutation]
   288 | D        | Gained mutation: You have large cloven feet. [potion of
                  | mutation]
   289 | D        | Lost mutation: You occasionally lose the ability to read
                  | scrolls when taking damage. [potion of mutation]
   289 | D        | Lost mutation: You have large cloven feet. [potion of
                  | mutation]
   289 | D        | Gained mutation: You occasionally lose the ability to read
                  | scrolls when taking damage. [potion of mutation]
   289 | D        | Gained mutation: Armour fits poorly on your strangely
                  | shaped body. [potion of mutation]
   289 | D        | Gained mutation: You have a pair of large horns on your
                  | head. [potion of mutation]
   289 | D        | Gained mutation: Your system is resistant to poisons.
                  | (rPois) [potion of mutation]
   290 | D        | Lost mutation: You occasionally lose the ability to read
                  | scrolls when taking damage. [potion of mutation]
   290 | D        | Lost mutation: Your system is resistant to poisons. (rPois)
                  | [potion of mutation]
   290 | D        | Lost mutation: Armour fits poorly on your strangely shaped
                  | body. [potion of mutation]
   290 | D        | Gained mutation: Your spells are a little easier to cast,
                  | but a little less powerful. [potion of mutation]
   290 | D        | Gained mutation: You have a somewhat thin skeletal
                  | structure. (Dex +2, Stealth+) [potion of mutation]
   290 | D        | Lost mutation: Your spells are a little easier to cast, but
                  | a little less powerful. [potion of mutation]
   290 | D        | Gained mutation: Your system is resistant to poisons.
                  | (rPois) [potion of mutation]
   311 | D        | Reached skill level 7 in Long Blades
   497 | D        | Noticed a water elemental
   504 | D        | Killed a water elemental
   505 | D        | Reached skill level 8 in Long Blades
   505 | D        | Reached XP level 5. HP: 49/53 MP: 4/4
   532 | D        | Noticed a shadow
   539 | D        | Killed a shadow
   540 | D        | Reached skill level 9 in Long Blades
   540 | D        | Reached XP level 6. HP: 46/63 MP: 5/5
   549 | D        | Reached skill level 10 in Long Blades
   897 | D        | Found a blossoming altar of Fedhas.
   897 | D        | Found a stormy altar of Qazlal.
   897 | D        | Found a snail-covered altar of Cheibriados.
   897 | D        | Found a burning altar of Makhleb.
   897 | D        | Found a shimmering altar of Xom.
   898 | D        | Found a hazy altar of Hepliaklqana.
   898 | D        | Found an opulent altar of Gozag.
   898 | D        | Found a sparkling altar of Nemelex Xobeh.
   898 | D        | Found a corrupted altar of Lugonu.
   898 | D        | Found a viscous altar of Jiyva.
   898 | D        | Noticed a spatial vortex
   906 | D        | Became a worshipper of Gozag Ym Sagoz the Greedy
   908 | D        | Killed a spatial vortex
   909 | D        | Reached skill level 10 in Fighting
  1168 | D        | Found a basalt altar of Yredelemnul.
  1168 | D        | Found a shadowy altar of Dithmenos.
  1168 | D        | Found a sacrificial altar of Ru.
  1176 | D        | Reached skill level 11 in Long Blades
  1178 | D        | Reached XP level 7. HP: 62/73 MP: 6/6
  1250 | D        | Found a glowing silver altar of Zin.
  1250 | D        | Found a glowing golden altar of the Shining One.
  1250 | D        | Found a white marble altar of Elyvilon.
  1250 | D        | Noticed a deep elf pyromancer
  1257 | D        | Noticed a fire elemental
  1257 | D        | Noticed a fire elemental
  1260 | D        | Killed a deep elf pyromancer
  1261 | D        | Reached skill level 10 in Dodging
  1584 | D        | Found a radiant altar of Vehumet.
  1584 | D        | Found a shimmering blue altar of Sif Muna.
  1584 | D        | Found an ancient bone altar of Kikubaaqudgha.
  1587 | D        | Reached skill level 12 in Long Blades
  1597 | D        | Upgraded the game from 0.30-a0-116-g3b1a8e4ee4 to
                  | 0.30-a0-118-ga018f8e90f
  1600 | D        | Learned a level 2 spell: Blink
  1605 | D        | Learned a level 4 spell: Manifold Assault
  1628 | D        | Found a hide-covered altar of Uskayaw.
  1628 | D        | Found an iron altar of Okawaru.
  1628 | D        | Found a bloodstained altar of Trog.
  1628 | D        | Found an ornate altar of the Wu Jian Council.
  1628 | D        | Noticed a human
  1628 | D        | Noticed a human
  1643 | D        | Killed a human
  1644 | D        | Reached skill level 1 in Translocations
  1644 | D        | Reached XP level 8. HP: 64/82 MP: 6/8
  1651 | D        | Reached skill level 1 in Spellcasting
  2163 | D        | Noticed a two-headed ogre
  2167 | D        | Killed a two-headed ogre
  2212 | D        | Noticed an orc knight
  2317 | D        | Reached skill level 13 in Long Blades
  2317 | D        | Reached XP level 9. HP: 57/91 MP: 12/12
  2759 | D        | Found Ciperch's Book Emporium.
  2800 | D        | Bought a manual of Long Blades for 880 gold pieces
  3042 | D        | Noticed Erolcha
  3066 | D        | Noticed a two-headed ogre
  3276 | D        | Noticed an orc high priest
  3282 | D        | Noticed a red devil
  3289 | D        | HP: 1/92 [red devil/+0 trident[an orc high priest] (11)]
  3291 | D        | Noticed a smoke demon
  3293 | D        | Killed an orc high priest
  3294 | D        | Reached skill level 14 in Long Blades
  3592 | D        | Killed a two-headed ogre
  3624 | D        | Killed an orc knight
  3625 | D        | Reached skill level 10 in Armour
  3648 | D        | Reached skill level 15 in Long Blades
  3648 | D        | Reached XP level 10. HP: 77/101 MP: 15/15
  3787 | D        | Killed Erolcha
  3788 | D        | Reached skill level 5 in Translocations
  3985 | D        | Bought a glowing ring mail for 252 gold pieces
  3985 | D        | Bought a pair of ichor-stained boots for 342 gold pieces
  3985 | D        | Identified the +3 pair of boots "Monunekh" {Rampage rF+
                  | Regen+ Int-4} (You bought it in a shop in the Dungeon)
  4001 | D        | Bought the ring "Mezaorhi" {*Corrode rPois rN+ Int+4 Dex+2}
                  | for 534 gold pieces
  4001 | D        | Bought a ring of wizardry for 420 gold pieces
  4011 | D        | Noticed Donald
  4011 | D        | Noticed Frances
  4025 | D        | Noticed an orange demon
  4028 | D        | Killed Donald
  4029 | D        | Reached skill level 16 in Long Blades
  4029 | D        | Reached skill level 5 in Spellcasting
  4035 | D        | Killed Frances
  4272 | D        | Reached skill level 1 in Shields
  4348 | D        | Reached XP level 11. HP: 111/111 MP: 19/19
  4354 | D        | Reached skill level 5 in Shields
  4657 | D        | Noticed a lindwurm
  4666 | D        | Killed a lindwurm
  4686 | D        | Noticed Urug
  4692 | D        | Killed Urug
  4753 | D        | Reached skill level 10 in Shields
  4860 | D        | Noticed a dire elephant
  4860 | D        | Noticed a dire elephant
  4860 | D        | Noticed Gastronok
  4878 | D        | Bought a potion of might for 48 gold pieces
  4878 | D        | Bought a potion of lignification for 36 gold pieces
  4878 | D        | Bought a potion of flight for 36 gold pieces
  4878 | D        | Bought a potion of curing for 36 gold pieces
  4878 | D        | Bought a potion of curing for 36 gold pieces
  4878 | D        | Bought a potion of brilliance for 48 gold pieces
  4878 | D        | Bought a potion of flight for 36 gold pieces
  4878 | D        | Bought a potion of might for 48 gold pieces
  4884 | D        | Bought a smoking triple sword for 570 gold pieces
  4884 | D        | Identified the +4 triple sword of Starshine {vamp, Dex+4}
                  | (You bought it in a shop in the Dungeon)
  4999 | D        | Noticed Rupert
  5012 | D        | Killed Rupert
  5013 | D        | Reached skill level 17 in Long Blades
  5055 | D        | Noticed an azure jelly
  5055 | D        | Noticed an azure jelly
  5055 | D        | Noticed an azure jelly
  5055 | D        | Noticed an azure jelly
  5065 | D        | Killed a dire elephant
  5066 | D        | Reached skill level 18 in Long Blades
  5066 | D        | Reached skill level 10 in Translocations
  5066 | D        | Reached XP level 12. HP: 54/118 MP: 24/24
  5075 | D        | Killed a dire elephant
  5080 | D        | Killed Gastronok
  5081 | D        | Reached skill level 19 in Long Blades
  5192 | D        | Noticed a death yak
  5194 | D        | Noticed a death yak
  5195 | D        | Noticed a death yak
  5197 | D        | Noticed a death yak
  5206 | D        | Killed a death yak
  5210 | D        | Killed a death yak
  5211 | D        | Reached skill level 10 in Spellcasting
  5216 | D        | Killed a death yak
  5222 | D        | Killed a death yak
  5236 | D        | Reached skill level 20 in Long Blades
  5370 | D        | Noticed an anaconda
  5380 | D        | Killed an anaconda
  5407 | D        | Noticed an anaconda
  5423 | D        | Killed an anaconda
  5541 | D        | Noticed a naga warrior
  5542 | D        | Noticed a nagaraja
  5573 | D        | Killed a nagaraja
  5574 | D        | Reached skill level 21 in Long Blades
  5586 | D        | Killed a naga warrior
  5697 | D        | Found Duej's Jewellery Boutique.
  5697 | D        | Found Ygiskez's Antique Weapon Emporium.
  5699 | D        | Found Wiyng's Distillery.
  5724 | D        | Got a serpentine rune of Zot
  5736 | D        | Bought a potion of flight for 36 gold pieces
  5736 | D        | Bought a potion of mutation for 96 gold pieces
  5736 | D        | Bought a potion of curing for 36 gold pieces
  5736 | D        | Bought a potion of berserk rage for 60 gold pieces
  5736 | D        | Bought a potion of curing for 36 gold pieces
  5737 | D        | Bought a scorched longbow for 310 gold pieces
  5737 | D        | Identified the +8 longbow "Qostyeq" {vorpal, rF+ Str+3
                  | Int+4} (You bought it in a shop in the Dungeon)
  5822 | D        | Killed an azure jelly
  5826 | D        | Killed an azure jelly
  5827 | D        | Reached XP level 13. HP: 125/125 MP: 27/27
  5831 | D        | Killed an azure jelly
  5835 | D        | Killed an azure jelly
  5995 | D        | Reached skill level 5 in Ranged Weapons
  6492 | D        | Reached skill level 22 in Long Blades
  6538 | D        | Got Tafoushre's Grimoire of Reformation
  6558 | D        | Noticed a fire dragon
  6561 | D        | Killed a fire dragon
  6628 | D        | Identified the +6 triple sword of Imetadoh {holy, Str+6}
  6628 | D        | Identified the +4 hand crossbow "Plog" {penet, rF- rN+
                  | Stlth+}
  6853 | D        | Noticed an iron golem
  7030 | D        | Noticed Chuck
  7644 | D        | Reached skill level 10 in Ranged Weapons
  7945 | D        | Noticed Polyphemus
  7963 | D        | Killed Polyphemus
  8040 | D        | Found a blossoming altar of Fedhas.
  8317 | D        | Noticed Ilsuiw
  8368 | D        | Killed Ilsuiw
  8432 | D        | Found Torielua's Magic Scroll Emporium.
  8445 | D        | Found Forher's Book Shop.
  8446 | D        | Found Ikkoyrph's Antique Weapon Shoppe.
  8447 | D        | Noticed a merfolk javelineer
  8593 | D        | Killed a merfolk javelineer
  8692 | D        | Got a barnacled rune of Zot
  8707 | D        | Bought a scroll of fear for 56 gold pieces
  8707 | D        | Bought a scroll of blinking for 105 gold pieces
  8707 | D        | Bought a scroll of acquirement for 728 gold pieces
  8707 | D        | Bought a scroll of enchant weapon for 105 gold pieces
  8707 | D        | Bought a scroll of amnesia for 56 gold pieces
  8707 | D        | Bought a scroll of immolation for 56 gold pieces
  8707 | D        | Bought a scroll of enchant weapon for 105 gold pieces
  8707 | D        | Bought a scroll of brand weapon for 133 gold pieces
  8794 | D        | Acquired 1381 gold pieces
  8855 | D        | Reached XP level 14. HP: 61/133 MP: 13/30
  8939 | D        | Reached skill level 15 in Translocations
  9069 | D        | Noticed Azrael
  9080 | D        | Killed Azrael
  9292 | D        | Found Ehinomeo's Distillery.
  9292 | D        | Found Tofrarr's Antique Weapon Shop.
  9292 | D        | Found Lorphu Eficu's Antique Weapon Boutique.
  9292 | D        | Found Oxuxziwn's Magic Scroll Shoppe.
  9292 | D        | Found Hylaus's Antique Armour Emporium.
  9292 | D        | Found Kekk's Weapon Shoppe.
  9292 | D        | Found Ylumnuc's Book Shop.
  9292 | D        | Found Virepait's Distillery.
  9292 | D        | Found Tyx Cipti's Jewellery Emporium.
  9292 | D        | Found Fyinit's Magic Scroll Emporium.
  9292 | D        | Found Dihaxo's Antique Weapon Boutique.
  9329 | D        | Bought a scroll of fear for 52 gold pieces
  9329 | D        | Bought a scroll of immolation for 52 gold pieces
  9329 | D        | Bought a scroll of blinking for 97 gold pieces
  9329 | D        | Bought a scroll of enchant weapon for 97 gold pieces
  9329 | D        | Bought a scroll of blinking for 97 gold pieces
  9331 | D        | Bought a potion of curing for 36 gold pieces
  9331 | D        | Bought a potion of invisibility for 96 gold pieces
  9331 | D        | Bought a potion of cancellation for 96 gold pieces
  9331 | D        | Bought a potion of resistance for 120 gold pieces
  9331 | D        | Bought a potion of curing for 36 gold pieces
  9331 | D        | Bought a potion of lignification for 36 gold pieces
  9331 | D        | Bought a potion of curing for 36 gold pieces
  9334 | D        | Bought a potion of heal wounds for 65 gold pieces
  9334 | D        | Bought a potion of curing for 39 gold pieces
  9334 | D        | Bought a potion of haste for 130 gold pieces
  9334 | D        | Bought a potion of curing for 39 gold pieces
  9335 | D        | Bought a scroll of enchant armour for 97 gold pieces
  9335 | D        | Bought a scroll of magic mapping for 97 gold pieces
  9335 | D        | Bought 3 scrolls of enchant armour for 292 gold pieces
  9335 | D        | Bought a scroll of fear for 52 gold pieces
  9339 | D        | Acquired the +1 pair of boots "Vaculi" {Slay+2}
  9343 | D        | Acquired the +7 Singing Sword {vorpal, sonic wave}
  9343 | D        | Found the +7 Singing Sword {vorpal, sonic wave}
  9355 | D        | Upgraded the game from 0.30-a0-118-ga018f8e90f to
                  | 0.30-a0-121-gb27577e5d9
  9358 | D        | Bought the ring of the Moon {Wiz rPois rF++ Str-3 SInv} for
                  | 849 gold pieces
  9358 | D        | Bought the amulet of Vitality {RegenMP++ Regen++} for 1500
                  | gold pieces
  9358 | D        | Found the amulet of Vitality {RegenMP++ Regen++}
  9365 | D        | Bought the ring "Atop" {rElec rN+} for 510 gold pieces
  9460 | D        | Paralysed by an air elemental for 1 turns
  9515 | D        | Noticed Boris
  9521 | D        | Reached skill level 15 in Fighting
  9536 | D        | Killed Boris
  9659 | D        | Found Nevagy's Distillery.
  9659 | D        | Found Anawkos's Armour Shop.
  9659 | D        | Found Rysk's Distillery.
  9659 | D        | Found Kosened's Distillery.
  9681 | D        | Bought a potion of curing for 36 gold pieces
  9681 | D        | Bought a potion of curing for 36 gold pieces
  9681 | D        | Bought a potion of resistance for 120 gold pieces
  9681 | D        | Bought a potion of curing for 36 gold pieces
  9681 | D        | Bought a potion of haste for 120 gold pieces
  9681 | D        | Bought a potion of curing for 36 gold pieces
  9681 | D        | Bought a potion of haste for 120 gold pieces
  9683 | D        | Bought a potion of curing for 36 gold pieces
  9683 | D        | Bought a potion of invisibility for 96 gold pieces
  9683 | D        | Bought a potion of curing for 36 gold pieces
  9685 | D        | Bought a potion of cancellation for 96 gold pieces
  9686 | D        | Bought a potion of curing for 33 gold pieces
  9686 | D        | Bought a potion of curing for 33 gold pieces
  9686 | D        | Bought a potion of haste for 110 gold pieces
  9686 | D        | Bought a potion of heal wounds for 55 gold pieces
  9843 | D        | Noticed Nikola
  9843 | D        | Noticed a storm dragon
  9849 | D        | Killed a storm dragon
  9850 | D        | Reached skill level 15 in Dodging
  9856 | D        | Killed Nikola
  9857 | D        | Reached skill level 15 in Ranged Weapons
 10055 | D        | Noticed a vampire knight
 10055 | D        | Noticed Mara
 10057 | D        | Noticed a vampire knight
 10059 | D        | Killed a vampire knight
 10071 | D        | Killed a vampire knight
 10091 | D        | Killed Mara
 10092 | D        | Reached skill level 15 in Armour
 10176 | D        | Noticed an ancient champion
 10178 | D        | Killed an ancient champion
 10265 | D        | Found Konaucot's Armour Boutique.
 10282 | D        | Bought a +0 pair of boots of stealth for 138 gold pieces
 10305 | D        | Noticed a black draconian knight
 10305 | D        | Noticed a black draconian knight
 10316 | D        | Killed a black draconian knight
 10322 | D        | Killed a black draconian knight
 10458 | D        | Noticed an Executioner
 10463 | D        | Killed an Executioner
 10464 | D        | Reached XP level 15. HP: 150/150 MP: 32/32
 10481 | D        | Noticed Nessos
 10485 | D        | Killed Nessos
 10614 | D        | Paralysed by a floating eye for 3 turns
 10619 | D        | Paralysed by a floating eye for 2 turns
 10627 | D        | Paralysed by a floating eye for 2 turns
 10633 | D        | Paralysed by a floating eye for 4 turns
 10635 | D        | Gained mutation: Your body sometimes deteriorates upon
                  | taking damage. [a shining eye]
 10645 | D        | Paralysed by a floating eye for 4 turns
 10647 | D        | Gained mutation: You occasionally shout uncontrollably at
                  | your foes. [a shining eye]
 10680 | D        | Lost mutation: You have a somewhat thin skeletal structure.
                  | (Dex +2, Stealth+) [potion of mutation]
 10680 | D        | Lost mutation: You have a pair of large horns on your head.
                  | [potion of mutation]
 10680 | D        | Gained mutation: Armour fits poorly on your strangely
                  | shaped body. [potion of mutation]
 10680 | D        | Lost mutation: Armour fits poorly on your strangely shaped
                  | body. [potion of mutation]
 10681 | D        | Lost mutation: Your system is resistant to poisons. (rPois)
                  | [potion of mutation]
 10681 | D        | Lost mutation: Your body sometimes deteriorates upon taking
                  | damage. [potion of mutation]
 10681 | D        | Gained mutation: You have large cloven feet. [potion of
                  | mutation]
 10792 | D        | Noticed a deep elf blademaster
 10806 | D        | Killed a deep elf blademaster
 10925 | D        | Noticed Roxanne
 10939 | D        | Killed Roxanne
 11051 | D        | Noticed Mennas
 11072 | D        | HP: 7/155 [Mennas/+4 sacred scourge of holy wrath (28)]
 11072 | D        | Slain by Mennas

Illustrated notes

Levels and vault maps discovered:
D:        dungeon_sprint_mu [sprint_mu_entry_forest, sprint_mu_temple_rooms,
          sprint_mu_d1_spiders, sprint_mu_d2_genie, sprint_mu_d3_branching,
          sprint_mu_orc_legion, sprint_mu_elf_gauntlet, sprint_mu_hive_nellie,
          sprint_mu_lair_fedhas, sprint_mu_vaults_butterflies,
          sprint_mu_slime_circle, sprint_mu_shoals_archi,
          sprint_mu_snake_twists, sprint_mu_blade_basic,
          sprint_mu_crypt_fortress, sprint_mu_tomb_spiral,
          sprint_mu_vestibule_basic, sprint_mu_gehenna_hellfire,
          sprint_mu_dis_giant, sprint_mu_tartarus_statrot,
          sprint_mu_cocytus_islands, sprint_mu_zot1]

Skill      XL: |  1  2  3  4  5  6  7  8  9 10 11 12 13 14 15 |
---------------+----------------------------------------------+-----
Fighting       | 5 6 7 9 10 11 12 13 14 18 19 | 19.7
Long Blades    | 5 6 8 9 11 12 13 15 16 18 21 22 | 22.0
Dodging        | 4 6 7 8 9 10 11 12 13 17 18 | 18.1
Stealth        | 2 3 4 |  4.7
Armour         | 6 8 10 11 16 17 | 17.8
Translocations | 1 3 4 6 10 12 14 15 | 15.2
Spellcasting   | 2 4 6 9 11 13 14 | 14.1
Shields        | 4 10 | 10.8
Ranged Weapons | 3 12 16 17 | 17.9

Action                   |  1- 3 |  4- 6 |  7- 9 | 10-12 | 13-15 || total
-------------------------+-------+-------+-------+-------+-------++-------
Melee: Falchion          |    11 |    39 |     8 |       |       ||    58
       Headbutt          |     1 |     9 |    33 |   107 |   141 ||   291
       Long sword        |       |       |   145 |   426 |       ||   571
       Punch             |       |       |     4 |       |       ||     4
       Triple sword      |       |       |       |     6 |   635 ||   641
 Fire: Longbow           |       |       |       |       |    35 ||    35
Throw: Boomerang         |       |       |     2 |     4 |       ||     6
       Dart              |       |       |       |     6 |     4 ||    10
 Cast: Manifold Assault  |       |       |       |    16 |    80 ||    96
Invok: Potion Petition   |       |       |     1 |     4 |     1 ||     6
       Call Merchant     |       |       |       |     5 |     1 ||     6
  Use: Potion            |       |     6 |     3 |     2 |    12 ||    23
       Scroll            |       |       |       |       |    15 ||    15
 Stab: Sleeping          |     1 |     1 |     3 |     9 |     9 ||    23
       Distracted        |       |       |     2 |    12 |     3 ||    17
       Invisible         |       |       |       |    21 |       ||    21
Armor: Robe              |     1 |     1 |     2 |       |       ||     4
       Scale mail        |       |       |    12 |       |       ||    12
       Ring mail         |       |       |       |    63 |    65 ||   128
Dodge: Dodged            |     4 |    19 |    81 |   178 |   228 ||   510
Block: Kite shield       |       |       |       |   203 |       ||   203
       Reflection        |       |       |       |     4 |       ||     4

Table legend: (Time is in decaauts) A = Elapsed time spent in this place. B = Non-inter-level travel time spent in this place. C = Inter-level travel time spent in this place. D = Time resting spent in this place. E = Time spent auto-exploring this place. F = Levels seen in this place. G = Mean time per level. A B C D E F G +--------+--------+--------+--------+--------+-----+--------+ Total | 10946 | 10640 | 306 | 6480 | 0 | 1 | 10946.0 | Dungeon | 10946 | 10640 | 306 | 6480 | 0 | 1 | 10946.0 | +--------+--------+--------+--------+--------+-----+--------+

Top non-repeatable levels by time:
       D: 10946 daAuts
